 Dungeon Crawl Stone Soup version 0.31-a0-636-ge1c0e020e0 (webtiles) character file.

Game seed: 1988779444590840166

7152 rvierbuc the Thaumaturge (level 10, -18/39 HPs)
             Began as a Felid Conjurer on Aug 26, 2023.
             Was a Follower of Qazlal.
             Demolished by a centaur warrior
             ... wielding the +12 glaive of Prune {freeze, Prune}
              (25 damage)
             ... on level 8 of the Dungeon.
             The game lasted 00:42:04 (11355 turns).

rvierbuc the Thaumaturge (Felid Conjurer)          Turns: 11355, Time: 00:42:04

Health: -18/39     AC:  2    Str:  2    XL:     10   Next: 86%
Magic:  15/24      EV: 19    Int: 27    God:    Qazlal [*.....]
Gold:   594        SH:  1    Dex: 15    Spells: 16/28 levels left
                                        Lives:  0   Deaths: 4

rFire   . . .        (weapon unavailable)
rCold   + . .        (shield unavailable)
rNeg    . . .        (body armour unavailable)
rPois   .            (helmet unavailable)
rElec   .            (cloak unavailable)
rCorr   .            (gloves unavailable)
SInv    +            (boots unavailable)
Will    ++...        (no amulet)
Stlth   +++          m - ring of willpower
HPRegen 1.06/turn    y - ring of protection from cold
MPRegen 0.19/turn

%: no passive effects
@: quick
A: very small, claws 1, fangs 3, see invisible, speed 1, shaggy fur 2, stealthy
paws, no weapons or thrown items, no armour, multi-lived, clever 1,
deterioration 1, regeneration 1
a: Renounce Religion


You were on level 8 of the Dungeon.
You worshipped Qazlal.
Qazlal was aware of your devotion.
You visited 2 branches of the dungeon, and saw 9 of its levels.

You collected 594 gold pieces.

Inventory:

Missiles
 h - a curare-tipped dart
Jewellery
 m - a ring of willpower (left paw)
 y - a ring of protection from cold (right paw)
Wands
 v - a wand of flame (16)
Scrolls
 b - 3 scrolls of poison {unknown}
 d - 6 scrolls of identify {unknown}
 e - a scroll of fog {unknown}
 g - 2 scrolls of fear {unknown}
 i - a scroll of revelation {unknown}
 j - a scroll of immolation {unknown}
 l - a scroll of noise {unknown}
 o - 2 scrolls of torment {unknown}
 p - 2 scrolls of blinking {unknown}
 r - a scroll of teleportation {unknown}
Potions
 a - a potion of magic
 c - 3 potions of curing
 f - a potion of heal wounds
 k - 2 potions of berserk rage {unknown}
 n - 2 potions of lignification {unknown}
 q - a potion of enlightenment {unknown}
 s - 2 potions of brilliance {unknown}
 t - a potion of invisibility {unknown}
 u - a potion of haste {unknown}
 w - a potion of resistance {unknown}
 x - a potion of might {unknown}
Miscellaneous
 z - a phantom mirror


   Skills:
 + Level 1.4 Fighting
 + Level 5.7 Dodging
 + Level 5.3 Stealth
 + Level 0.5 Unarmed Combat
 + Level 9.9 Spellcasting
 + Level 9.3 Conjurations
 + Level 1.0 Translocations
 + Level 6.6 Earth Magic


You had 16 spell levels left.
You knew the following spells:

 Your Spells              Type           Power      Damage    Failure   Level
a - Magic Dart            Conj           100%       1d8       1%          1
b - Stone Arrow           Conj/Erth      100%       3d13      1%          3
c - Iskenderun's Mystic   Conj/Tloc      41%        2d9       4%          4
d - Fulminant Prism       Conj/Hex       19%        3d11      6%          4

Your spell library contained the following spells:

 Spells                   Type           Power      Damage    Failure   Level
 Sandblast                Erth           98%        2d20      1%          1
 Passwall                 Tmut/Erth      25%        N/A       1%          2
 Searing Ray              Conj           100%       2d8       1%          2
 Dazzling Flash           Conj/Hex       76%        N/A       1%          3
 Hailstorm                Conj/Ice       38%        3d9       1%          3
 Freeze                   Ice            52%        1d6       4%          1
 Call Canine Familiar     Summ           13%        N/A       13%         3
 Frozen Ramparts          Ice            26%        1d4       13%         3
 Summon Guardian Golem    Hex/Summ       13%        N/A       13%         3
 Anguish                  Hex/Necr       6%         N/A       41%         4
 Cause Fear               Hex            6%         N/A       41%         4
 Summon Lightning Spire   Summ/Air       13%        N/A       41%         4
 Summon Forest            Summ/Tloc      8%         N/A       67%         5
 Eringya's Noxious Bog    Tmut/Pois      6%         4d6       100%        6
 Enfeeble                 Hex            6%         N/A       100%        7
 Summon Hydra             Summ           6%         N/A       100%        7
 Portal Projectile        Hex/Tloc       Unusable   N/A       N/A         3

Dungeon Overview and Level Annotations

Branches:
Dungeon (8/15)             Temple (1/1) D:6
   Lair: D:8-11

Altars:
Ashenzari
Cheibriados
Dithmenos
Elyvilon
Fedhas
Gozag
Hepliaklqana
Kikubaaqudgha
Makhleb
Nemelex Xobeh
Okawaru
Qazlal
Ru
Sif Muna
Trog
Uskayaw
Vehumet
Wu Jian
Xom
Yredelemnul
Zin
The Shining One

Shops:
D:3 (


Innate Abilities, Weirdness & Mutations

You have sharp claws.
You have razor-sharp teeth.
You have supernaturally acute eyesight. (SInv)
You cover ground quickly. (Speed+)
You are covered in thick fur. (AC +2)
Your paws help you pounce on unaware monsters.
You are incapable of wielding weapons or throwing items.
You cannot wear armour.
You gain extra lives every three experience levels.
Your mind is acute. (Int +4, Str/Dex -1)
Your body sometimes deteriorates upon taking damage.
Your natural rate of healing is unusually fast.


Message History

Press: ? - help, Shift-Dir - straight line, f - orc
Aim: an orc, wielding a +0 falchion, wearing a ring of flight and carrying a wand of paralysis (wandering, hasn't noticed you, 100% to hit)
The magic dart hits the orc!
You kill the orc!
Qazlal accepts your kill.
A centaur warrior comes into view.
It is wielding the +12 glaive of Prune {freeze, Prune}.
You see here 9 gold pieces.
The centaur warrior shouts!
The centaur warrior unwields the +12 glaive of Prune {freeze, Prune}.
The centaur warrior wields a +0 orcbow.
The centaur warrior shoots an arrow.
The arrow hits you!!
Ouch! That really hurt!
You are too injured to fight recklessly!
Aiming: Stone Arrow (safe; 1% risk of failure)
Press: ? - help, Q - select action, (/) - cycle Shift-Dir - straight line, f - centaur warrior
Aim: a centaur warrior, wielding a +0 orcbow (84% to hit)
The stone arrow hits the centaur warrior.
The centaur warrior is lightly wounded.
The centaur warrior unwields a +0 orcbow.
The centaur warrior wields the +12 glaive of Prune {freeze, Prune}.
It glows with a cold blue light!
The centaur warrior misses you.
The centaur warrior completely misses you.
Aiming: Stone Arrow (safe; 1% risk of failure)
Press: ? - help, Q - select action, (/) - cycle Shift-Dir - straight line, f/p - centaur warrior
Aim: a centaur warrior, wielding the +12 glaive of Prune {freeze, Prune} (lightly wounded, 84% to hit)
The stone arrow misses the centaur warrior.
The centaur warrior hits you with the +12 glaive of Prune {freeze, Prune}!
* * * LOW HITPOINT WARNING * * *
The centaur warrior freezes you.
* * * LOW HITPOINT WARNING * * *
The centaur warrior kicks you.
* * * LOW HITPOINT WARNING * * *
Aiming: Stone Arrow (safe; 1% risk of failure)
Press: ? - help, Q - select action, (/) - cycle Shift-Dir - straight line, f/p - centaur warrior
Aim: a centaur warrior, wielding the +12 glaive of Prune {freeze, Prune} (lightly wounded, 84% to hit)
The stone arrow hits the centaur warrior!
The centaur warrior is moderately wounded.
The centaur warrior hits you with the +12 glaive of Prune {freeze, Prune}!!
Ouch! That really hurt!
You die...

##............!.....
##...............#.#
#...........#.....# #.
##..............#.##...
#..................#...
................#..... . ..
...................# ... ...#. #.
#.)...$.......## ..# ..#.. ...
##..@°.....)...###.## #... #.#
##.§c........#.#...# #..# ...
##......#..........
...######.######...<...#.....#.#.
...#...........#........#........
....#####)#####...........#......
...#...........#..[[.......###~..
...######.######.................
...##[........####.###...........


You could see a centaur warrior.

Vanquished Creatures
  A hydra (D:8)
  A two-headed ogre (D:6)
  A deep elf pyromancer (D:8)
  Pikel (D:6)
  A cyclops (D:8)
  A rime drake (D:8)
  An efreet (D:8)
  A hornet (D:7)
  A slime creature (D:8)
  A wyvern (D:6)
  A steam dragon (D:8)
  2 vampire mosquitoes
  2 black bears
  7 ice beasts
  An orc warrior (D:7)
  3 sky beasts
  4 ogres
  2 wolves (D:7)
  2 lemures
  A phantom (D:7)
  A kobold brigand (D:8)
  3 bullfrogs
  Blork the orc (D:4)
  A gnoll sergeant (D:6)
  2 scorpions
  2 wights (D:8)
  4 howler monkeys
  4 orc priests (D:7)
  3 sleepcaps
  3 iguanas
  4 orc wizards
  9 gnolls
  16 adders
  3 shadow imps
  3 white imps
  A worm (D:2)
  2 dart slugs
  18 orcs
  6 endoplasms
  4 giant cockroaches
  7 goblins
  8 hobgoblins
  11 jackals
  5 quokkas
  5 ball pythons
  14 bats
  5 frilled lizards
  8 kobolds
  9 rats
197 creatures vanquished.

Notes
Turn   | Place    | Note
-------+----------+-------------------------------------------
     0 | D:1      | rvierbuc the Felid Conjurer began the quest for the Orb.
     0 | D:1      | Reached XP level 1. HP: 7/7 MP: 4/4
   219 | D:1      | Reached XP level 2. HP: 10/11 MP: 6/6
   269 | D:1      | Found a faded altar of an unknown god.
   524 | D:1      | Reached XP level 3. HP: 11/14 MP: 0/7
  1384 | D:2      | Learned a level 3 spell: Stone Arrow
  1462 | D:2      | Reached XP level 4. HP: 18/18 MP: 1/9
  2754 | D:3      | Reached XP level 5. HP: 21/21 MP: 2/10
  3072 | D:3      | Found Adij's Weapon Shoppe.
  3531 | D:3      | Reached skill level 5 in Conjurations
  3965 | D:4      | Noticed Blork the orc
  3984 | D:3      | Killed from afar by an orc wizard
  4156 | D:4      | Found a sacrificial altar of Ru.
  4390 | D:4      | Killed Blork the orc
  4391 | D:4      | Gained mutation: You are covered in thick fur. (AC +2)
                  | [Felid growth]
  4391 | D:4      | Reached XP level 6. HP: 17/25 MP: 1/12
  4679 | D:5      | Entered Level 5 of the Dungeon
  5242 | D:5      | Reached XP level 7. HP: 26/28 MP: 10/15
  5495 | D:5      | Learned a level 4 spell: Iskenderun's Mystic Blast
  5581 | D:5      | Found a snail-covered altar of Cheibriados.
  5680 | D:5      | Reached skill level 5 in Spellcasting
  6167 | D:6      | Reached skill level 1 in Earth Magic
  6619 | D:6      | Found a staircase to the Ecumenical Temple.
  6752 | D:6      | Found a shimmering blue altar of Sif Muna.
  6755 | D:6      | Found a radiant altar of Vehumet.
  6756 | D:6      | Found a hazy altar of Hepliaklqana.
  6905 | D:7      | Reached XP level 8. HP: 31/31 MP: 10/18
  7097 | D:7      | Reached skill level 1 in Translocations
  7255 | D:6      | Slain by a gnoll sergeant
  7391 | Temple   | Entered the Ecumenical Temple
  7512 | Temple   | Became a worshipper of Qazlal Stormbringer
  7577 | D:6      | Found a bloodstained altar of Trog.
  7692 | D:6      | Noticed Pikel
  8131 | D:6      | Noticed a two-headed ogre
  8137 | D:6      | Killed a two-headed ogre
  8138 | D:6      | Reached skill level 1 in Fighting
  8138 | D:6      | Reached XP level 9. HP: 3/35 MP: 2/21
  8141 | D:6      | Mangled by a vampire mosquito
  8235 | D:6      | Reached skill level 5 in Dodging
  8270 | D:6      | Killed Pikel
  9691 | D:8      | Reached skill level 5 in Stealth
  9691 | D:8      | Reached XP level 10. HP: 39/39 MP: 16/23
 10041 | D:8      | Noticed a deep elf pyromancer
 10044 | D:8      | Noticed a cyclops
 10259 | D:8      | Killed a deep elf pyromancer
 10260 | D:8      | Reached skill level 5 in Earth Magic
 10409 | D:8      | Noticed a two-headed ogre
 10653 | D:8      | Mangled by a slime creature
 10702 | D:8      | Got Orghuth's Codex of Malediction and the Flock
 10729 | D:8      | Gained mutation: You occasionally lose the ability to read
                  | scrolls when taking damage. [potion of mutation]
 10729 | D:8      | Gained mutation: You expend magic power (3 MP) to
                  | strengthen your wands. [potion of mutation]
 10730 | D:8      | Lost mutation: You expend magic power (3 MP) to strengthen
                  | your wands. [potion of mutation]
 10730 | D:8      | Lost mutation: You occasionally lose the ability to read
                  | scrolls when taking damage. [potion of mutation]
 10730 | D:8      | Gained mutation: You occasionally lose the ability to read
                  | scrolls when taking damage. [potion of mutation]
 10731 | D:8      | Lost mutation: You occasionally lose the ability to read
                  | scrolls when taking damage. [potion of mutation]
 10731 | D:8      | Gained mutation: You expend magic power (3 MP) to
                  | strengthen your wands. [potion of mutation]
 10731 | D:8      | Gained mutation: You are weak. (Str -2) [potion of
                  | mutation]
 10738 | D:8      | Killed a cyclops
 10877 | D:8      | Noticed a five-headed hydra
 10883 | D:8      | Learned a level 4 spell: Fulminant Prism
 10900 | D:8      | Noticed a centaur warrior
 11063 | D:8      | Lost mutation: You are weak. (Str -2) [potion of mutation]
 11063 | D:8      | Lost mutation: You expend magic power (3 MP) to strengthen
                  | your wands. [potion of mutation]
 11063 | D:8      | Gained mutation: Your natural rate of healing is unusually
                  | fast. [potion of mutation]
 11063 | D:8      | Gained mutation: Your body sometimes deteriorates upon
                  | taking damage. [potion of mutation]
 11063 | D:8      | Gained mutation: Your mind is acute. (Int +4, Str/Dex -1)
                  | [potion of mutation]
 11084 | D:8      | Killed a five-headed hydra
 11084 | D:8      | Identified the +5 quarterstaff of Disintegration {freeze,
                  | rN+}
 11115 | D:8      | Reached * piety under Qazlal
 11348 | D:8      | Noticed a centaur warrior
 11355 | D:8      | Demolished by a centaur warrior

Illustrated notes

Levels and vault maps discovered:
D:1:      amcnicky_arrival_abandoned_market, layout_basic,
          hellmonk_ecumenical_altar_dog_temple, minmay_surrounded
D:2:      layout_basic
D:3:      layout_basic, serial_shops, shop
D:4:      layout_basic, nicolae_ru_great_annihilating_truth, serial_glass,
          glass_columns_a, glass_columns_b, uniq_blork_the_orc
D:5:      layout_basic, mainiacjoe_overflow_boulevard
D:6:      minmay_cornered_nines, layout_basic,
          nicolae_overflow_macrodata_refinement, minmay_temple_entry_fiery,
          nicolae_half_adder, uniq_pikel
D:7:      nicolae_BIG_FREAKIN_CUBE, layout_rooms
D:8:      minmay_the_grid_octo_triangle [minmay_the_grid_octo_thin_diamonds,
          minmay_the_grid_octo_prize_ultimate_mussel_roller,
          minmay_the_grid_octo_teeth], layout_layer_cave,
          hellmonk_lair_entry_icy, hangedman_decor_diamond_cutter,
          nicolae_twisty_statue_hallways
Temple:   nicolae_temple_x_marks_the_god

Skill      XL: |  1  2  3  4  5  6  7  8  9 10 |
---------------+-------------------------------+-----
Conjurations   | 4 5 6 7 8 9 |  9.3
Stealth        | 3 4 5 |  5.3
Spellcasting   | 3 4 6 7 8 9 |  9.9
Dodging        | 3 4 5 |  5.7
Earth Magic    | 1 3 4 6 |  6.6
Translocations | 1 |  1.0
Fighting       | 1 |  1.4
Unarmed Combat | |  0.5

Action                     |  1- 3 |  4- 6 |  7- 9 | 10-12 || total
---------------------------+-------+-------+-------+-------++-------
  Melee: Unarmed           |     4 |     7 |     7 |     2 ||    20
         Bite              |       |     2 |     1 |       ||     3
   Cast: Magic Dart        |    86 |   155 |   103 |    15 ||   359
         Stone Arrow       |       |     6 |   108 |    76 ||   190
         Iskenderun's Myst |       |       |     1 |     1 ||     2
    Use: Potion            |       |       |       |     7 ||     7
 Armour: Skin              |       |     1 |     4 |     2 ||     7
  Dodge: Dodged            |    20 |    41 |    50 |    19 ||   130

Table legend: (Time is in decaauts)
 A = Elapsed time spent in this place.
 B = Non-inter-level travel time spent in this place.
 C = Inter-level travel time spent in this place.
 D = Time resting spent in this place.
 E = Time spent auto-exploring this place.
 F = Levels seen in this place.
 G = Mean time per level.
                   A        B        C        D        E       F      G
               +--------+--------+--------+--------+--------+-----+--------+
         Total |  10253 |   9965 |    288 |   1595 |   6895 |   9 | 1139.2 |
       Dungeon |  10142 |   9878 |    264 |   1595 |   6866 |   8 | 1267.8 |
        Temple |    111 |     88 |     23 |      0 |     29 |   1 |  111.0 |
               +--------+--------+--------+--------+--------+-----+--------+

Top non-repeatable levels by time:
     D:6: 1737 daAuts
     D:7: 1598 daAuts
     D:5: 1445 daAuts
     D:2: 1333 daAuts
     D:8: 1210 daAuts
     D:3: 1145 daAuts
     D:1: 1048 daAuts
     D:4: 622 daAuts
  Temple: 111 daAuts
